[Event "Titled Tuesday Blitz January 18 2022"]
[White "Samunenkov, Ihor"]
[Black "Kopylov, Michael"]
[WhiteFideId "14187086"]
[BlackFideId "14105080"]
[WhiteElo "2406"]
[BlackElo "2385"]
[Result "1-0"]
[Round "10"]
[TimeControl "180+1"]
[Date "2022.01.18"]
[WhiteClock "0:00:06"]
[BlackClock "0:00:05"]

1. d4 Nf6 2. c4 c5 3. d5 b5 4. cxb5 a6 5. bxa6 g6 6. Nc3 Bxa6 7. e4 Bxf1 8. Kxf1 d6 9. Nf3 Bg7 10. g3 O-O 11. Kg2 Nbd7 12. a4 Ra6 13. Qe2 Qa8 14. Rd1 e6 15. Bf4 exd5 16. exd5 Re8 17. Qc2 Ng4 18. Nb5 Qb8 19. Re1 Nge5 20. Nxe5 Nxe5 21. Bxe5 Rxe5 22. Rxe5 Bxe5 23. Re1 Qb7 24. Rd1 Kg7 25. b3 Qd7 26. Qc4 Ra8 27. Re1 Bf6 28. Qd3 Be5 29. Re4 Bf6 30. h4 h5 31. Re2 Be5 32. Na3 Bf6 33. Nc4 Rb8 34. a5 Rb4 35. a6 Rb8 36. Ra2 Qb5 37. Qf3 Ra8 38. Nxd6 Qb4 39. Ne4 Bd4 40. Ng5 Ra7 41. d6 Rd7 42. a7 c4 43. bxc4 Qxc4 44. a8=Q Be5 45. Qad5 Qxd5 46. Qxd5 1-0


[Site "https://www.chess.com"]

[Event "Titled Tuesday Blitz January 18 2022"]
[White "Santos Flores, Alberto"]
[Black "Reprintsev, Alexander"]
[WhiteFideId "3601234"]
[BlackFideId "14100541"]
[WhiteElo "2293"]
[BlackElo "2126"]
[Result "1-0"]
[Round "10"]
[TimeControl "180+1"]
[Date "2022.01.18"]
[WhiteClock "0:00:37"]
[BlackClock "0:00:12"]

1. e4 d5 2. exd5 Qxd5 3. Nf3 Bg4 4. Be2 Nc6 5. d4 O-O-O 6. Be3 e5 7. c4 Qa5+ 8. Bd2 Bb4 9. d5 Bxf3 10. Bxf3 Nd4 11. a3 Bxd2+ 12. Nxd2 Nxf3+ 13. Qxf3 Nf6 14. b4 Qa4 15. O-O Qc2 16. Rfd1 Rhe8 17. Rac1 Qb2 18. Ne4 Nxe4 19. Qxe4 Qxa3 20. Ra1 Qxb4 21. Rxa7 g6 22. Rb1 Qc5 23. Rbxb7 f5 24. Qc2 Re7 25. Qa4 Rd6 26. Rb5 Qd4 27. Ra8+ Kd7 28. Rb7+ 1-0


[Site "https://www.chess.com"]

[Event "Titled Tuesday Blitz January 18 2022"]
[White "Sarana, Alexey"]
[Black "Narayanan.S.L"]
[WhiteFideId "24133795"]
[BlackFideId "5058422"]
[WhiteElo "2665"]
[BlackElo "2494"]
[Result "1/2-1/2"]
[Round "10"]
[TimeControl "180+1"]
[Date "2022.01.18"]
[WhiteClock "0:00:07"]
[BlackClock "0:00:12"]

1. d4 Nf6 2. c4 e6 3. Nc3 Bb4 4. e3 O-O 5. Bd3 d5 6. a3 Bxc3+ 7. bxc3 dxc4 8. Bxc4 c5 9. Ne2 Qc7 10. Bd3 Nc6 11. O-O e5 12. Ng3 Bg4 13. f3 Be6 14. f4 exd4 15. cxd4 Rfe8 16. Rb1 Rad8 17. Nh5 Nxh5 18. Qxh5 g6 19. Qxc5 Bd5 20. Bd2 Qd7 21. f5 Rc8 22. Qb5 b6 23. Rf4 g5 24. Rff1 f6 25. Rfe1 Kg7 26. Rbd1 Qd6 27. Qb2 Be4 28. Bxe4 Rxe4 29. Qc2 Qd5 30. Rf1 Ne7 31. Qd3 h5 32. Rf2 h4 33. h3 b5 34. Bb4 Nc6 35. Bc5 Rce8 36. Qxb5 Rxe3 37. Qb7+ Kh6 38. Rdf1 g4 39. hxg4 Rg3 40. Qc7 Rxg4 41. Rf3 Reg8 42. R1f2 Nxd4 43. Bxd4 Qxd4 44. Kh2 Qe4 45. Qc1+ R8g5 46. Qc8 Qe5+ 47. Kh1 Rg8 48. Qc6 Re4 49. Qc1+ Rg5 50. Rf1 Re2 51. R3f2 Rxf2 52. Rxf2 h3 53. gxh3 Qg3 54. Qf1 Rh5 55. Rf3 Qe5 56. Qc1+ Kh7 57. Qe3 Qxe3 58. Rxe3 Rxf5 59. Kg2 Kg6 60. Rf3 Ra5 61. Kg3 Ra4 62. Kf2 a5 63. Ke2 f5 64. Kf2 Kg5 65. Kg3 f4+ 66. Kg2 Rc4 67. Rd3 a4 68. Kf3 Kh4 69. Rd8 Rc3+ 70. Kxf4 Kxh3 71. Ke4 Rxa3 72. Rd3+ Rxd3 73. Kxd3 a3 74. Kc3 a2 75. Kb2 a1=Q+ 76. Kxa1 1/2-1/2


[Site "https://www.chess.com"]

[Event "Titled Tuesday Blitz January 18 2022"]
[White "Srihari L R"]
[Black "Jobava, Baadur"]
[WhiteFideId "46617116"]
[BlackFideId "13601520"]
[WhiteElo "2121"]
[BlackElo "2617"]
[Result "1-0"]
[Round "10"]
[TimeControl "180+1"]
[Date "2022.01.18"]
[WhiteClock "0:00:30"]
[BlackClock "0:01:28"]

1. d4 d5 2. c4 dxc4 3. Nf3 Nf6 4. e3 Bg4 5. Bxc4 e6 6. h3 Bh5 7. O-O Bd6 8. Qe2 Nc6 9. Rd1 O-O 10. Nc3 Qe8 11. e4 e5 12. Nb5 Nxd4 13. Nbxd4 exd4 14. g4 Nxg4 15. hxg4 Bxg4 16. Rxd4 Rd8 17. e5 Bxf3 18. Qxf3 Qxe5 19. Rh4 Qe1+ 20. Kg2 g6 21. Bh6 Qe5 22. Bxf8 Rxf8 23. Rah1 h5 24. Qe3 Qxb2 25. Qg5 Qg7 26. R4h3 Re8 27. Rf3 Re7 28. Rd1 Kf8 29. Rxf7+ Qxf7 30. Bxf7 Kxf7 31. Qd5+ Kg7 32. Qxb7 a5 33. Rxd6 1-0


[Site "https://www.chess.com"]

[Event "Titled Tuesday Blitz January 18 2022"]
[White "Svane, Frederik"]
[Black "Hasangatin, Ramil"]
[WhiteFideId "12923044"]
[BlackFideId "4122160"]
[WhiteElo "2459"]
[BlackElo "2375"]
[Result "1-0"]
[Round "10"]
[TimeControl "180+1"]
[Date "2022.01.18"]
[WhiteClock "0:00:07"]
[BlackClock "0:00:12"]

1. e4 d5 2. exd5 Qxd5 3. Nc3 Qd6 4. d4 Nf6 5. Nf3 c6 6. g3 Bg4 7. Bg2 e6 8. O-O Be7 9. a3 O-O 10. Bf4 Qd8 11. Qd3 Bxf3 12. Bxf3 Nbd7 13. Rfd1 Nb6 14. a4 a5 15. Bd2 Bb4 16. h4 Nbd5 17. Nxd5 Nxd5 18. c3 Bd6 19. Kg2 Qc7 20. Re1 Rad8 21. Rad1 Rfe8 22. Bg5 Be7 23. Bc1 Nb6 24. Qc2 c5 25. Bf4 Bd6 26. Bg5 Rd7 27. d5 e5 28. Bg4 c4 29. Bxd7 Qxd7 30. Be3 Qxa4 31. Qe4 Nd7 32. Ra1 Qb5 33. Rad1 Nf6 34. Qf3 a4 35. Bg5 Nd7 36. Bc1 Nc5 37. h5 Nd3 38. Re4 Qxd5 39. h6 g6 40. Rxc4 Qxc4 41. Rxd3 e4 42. Qf6 Be5 43. Qxe5 Rxe5 44. Rd8+ Re8 45. Rxe8# 1-0


[Site "https://www.chess.com"]

[Event "Titled Tuesday Blitz January 18 2022"]
[White "Sviridov, Valery"]
[Black "Nakamura, Hikaru"]
[WhiteFideId "4120680"]
[BlackFideId "2016192"]
[WhiteElo "2454"]
[BlackElo "2850"]
[Result "1-0"]
[Round "10"]
[TimeControl "180+1"]
[Date "2022.01.18"]
[WhiteClock "0:00:39"]
[BlackClock "0:00:05"]

1. d4 Nf6 2. Nf3 g6 3. g3 Bg7 4. Bg2 O-O 5. O-O d6 6. c4 Nc6 7. Nc3 Bg4 8. d5 Na5 9. Nd2 c5 10. h3 Bd7 11. Qc2 a6 12. b3 b5 13. Bb2 Rb8 14. Rab1 e5 15. dxe6 fxe6 16. cxb5 axb5 17. Nce4 Bc6 18. Rfd1 Nd5 19. Bxg7 Kxg7 20. a3 b4 21. Nc4 bxa3 22. Ncxd6 Qc7 23. Ra1 Nxb3 24. Rxa3 Nd4 25. Qxc5 Nxe2+ 26. Kh2 Qb6 27. Ra7+ Kg8 28. Rd2 Qxc5 29. Nxc5 Rxf2 30. Nde4 Rxg2+ 31. Kxg2 Ndc3 32. Kh2 Nxe4 33. Nxe4 Bxe4 34. Rxe2 Bd5 35. Rc2 g5 36. g4 h6 37. Rcc7 Be4 38. Re7 Bd5 39. Kg1 Kf8 40. Rh7 Kg8 41. Rhc7 Kf8 42. Kf2 Kg8 43. Ke3 e5 44. Re7 Bg2 45. Rg7+ Kf8 46. Rh7 Kg8 47. Rxh6 Bxh3 48. Rg6+ Kf8 49. Rxg5 Rb3+ 50. Kf2 Rb2+ 51. Kg3 Rb3+ 52. Kh4 Bg2 53. Rf5+ Kg8 54. Rxe5 Rb8 55. Kg5 Bf1 56. Ree7 Bd3 57. Red7 Bc2 58. Rac7 Be4 59. Rg7+ Kh8 60. Rge7 Bd3 61. Kh4 Kg8 62. Re3 Bg6 63. Re6 Bb1 64. Rec6 Rb4 65. Rc4 Rb6 66. Rd4 Rb8 67. Rdd7 Be4 68. Kg3 Ra8 69. Kf4 Bb1 70. Ke5 Re8+ 71. Kd6 Rf8 72. Kc5 Be4 73. Kb6 Bb1 74. Ra7 Be4 75. Kc7 Bf3 76. Kd6 Be4 77. g5 Bb1 78. Kc7 Bf5 79. Rd8 Rxd8 80. Kxd8 Bb1 81. Re7 Bf5 82. Kc7 Kf8 83. Kd6 Bb1 84. Ra7 Bc2 85. Ke5 1-0


[Site "https://www.chess.com"]

[Event "Titled Tuesday Blitz January 18 2022"]
[White "Swicarz, Maciej"]
[Black "Golubka, Petro"]
[WhiteFideId "1113585"]
[BlackFideId "14114224"]
[WhiteElo "2063"]
[BlackElo "2392"]
[Result "0-1"]
[Round "10"]
[TimeControl "180+1"]
[Date "2022.01.18"]
[WhiteClock "0:00:43"]
[BlackClock "0:01:01"]

1. c4 c5 2. Nf3 e6 3. Nc3 Nc6 4. e4 Nf6 5. Be2 d6 6. d4 cxd4 7. Nxd4 Be7 8. O-O O-O 9. Be3 a6 10. Rc1 Bd7 11. Kh1 Kh8 12. Qd2 Rc8 13. b3 Re8 14. f3 h6 15. Rfd1 Rg8 16. Nxc6 Bxc6 17. Qd4 g5 18. e5 dxe5 19. Qxe5 Qc7 20. Bd4 Qxe5 21. Bxe5 Rgd8 22. Rxd8+ Rxd8 23. Rd1 Rxd1+ 24. Bxd1 Kg8 25. Kg1 Nd7 26. Bd4 f5 27. Bc2 Kf7 28. Kf2 e5 29. Be3 Ke6 30. g4 f4 31. Ba7 Kf7 32. Be4 Bc5+ 33. Bxc5 Nxc5 34. Bxc6 bxc6 35. Ke2 e4 36. fxe4 a5 37. Kf3 Ke6 38. h4 Nd3 39. hxg5 hxg5 40. Na4 Ne5+ 41. Ke2 Nxg4 42. Nc5+ Ke5 43. Nb7 Kxe4 44. Nxa5 f3+ 45. Kf1 Nh2+ 46. Kf2 Ng4+ 47. Kf1 Ke3 48. c5 Nh2+ 49. Kg1 f2+ 50. Kxh2 f1=Q 0-1


[Site "https://www.chess.com"]

[Event "Titled Tuesday Blitz January 18 2022"]
[White "Sychev, Klementy"]
[Black "Tabatabaei, M. Amin"]
[WhiteFideId "4114060"]
[BlackFideId "12521213"]
[WhiteElo "2564"]
[BlackElo "2585"]
[Result "1/2-1/2"]
[Round "10"]
[TimeControl "180+1"]
[Date "2022.01.18"]
[WhiteClock "0:00:03"]
[BlackClock "0:00:03"]

1. e4 e5 2. Nf3 Nc6 3. Bb5 a6 4. Ba4 Nf6 5. O-O Be7 6. d3 b5 7. Bb3 d6 8. a3 O-O 9. Nc3 Na5 10. Ba2 c5 11. b4 Nc6 12. Nd5 Be6 13. c3 Re8 14. Rb1 Rc8 15. h3 h6 16. Re1 Bf8 17. Be3 Bxd5 18. exd5 Ne7 19. c4 bxc4 20. dxc4 Nf5 21. Bb3 e4 22. Nd2 g5 23. Ba4 Re5 24. Bc2 Qe7 25. bxc5 dxc5 26. Rb6 Nd7 27. Rxa6 Nd6 28. Nf1 f5 29. Bc1 Nxc4 30. Ng3 Rb8 31. Qh5 Qf7 32. Qg6+ Qxg6 33. Rxg6+ Kf7 34. Rc6 Rb7 35. Ra6 Nd6 36. h4 Kg6 37. hxg5 hxg5 38. Ne2 Nf6 39. Nc3 Nxd5 40. Nxd5 Rxd5 41. g4 Rb8 42. gxf5+ Kxf5 43. f3 Ke5 44. fxe4 Rd4 45. Bxg5 Rb2 46. Re2 Rc4 47. Bd3 Rxe2 48. Bxe2 Rxe4 49. Kf1 c4 50. Bd2 Nf5 51. Bc3+ Nd4 52. Bxc4 Bc5 53. Kg2 Rg4+ 54. Kh3 Rf4 55. Ra5 Rf3+ 56. Kg4 Rxc3 57. Rxc5+ Kf6 58. a4 Nb3 59. Rc6+ Ke5 60. Bb5 Re3 61. Rc8 Kd4 62. Rd8+ Kc5 63. Kf4 Re1 64. Rc8+ Kb4 65. Rb8 Ka5 66. Bd7 Nd4 67. Kg5 Rg1+ 68. Kh4 Rd1 69. Kg4 Rg1+ 70. Kf4 Ne2+ 71. Ke3 Nc3 72. Kd2 Rg3 73. Kc2 Ne4 74. Ra8+ Kb4 75. a5 Nc5 76. Bc6 Rc3+ 77. Kd1 Nd3 78. Be8 Ra3 79. a6 Nc5 80. a7 Kc3 81. Rc8 Rxa7 82. Rxc5+ Kd4 83. Rc8 Re7 84. Kc2 Ke5 85. Bb5 Kd6 86. Kb3 Rc7 87. Rd8+ Ke7 88. Rb8 Kd6 89. Bc4 Re7 90. Rh8 Rc7 91. Kc3 Re7 92. Rh6+ Kc7 93. Kb4 Kd7 94. Kc5 Kc7 95. Bd5 Kd7 96. Ra6 Kc7 97. Ra5 Kd7 98. Ra8 Kc7 99. Ra6 Kd7 100. Rb6 Kc7 101. Be6 Kd8 102. Kd5 Rc7 103. Ke5 Ke7 104. Bd5 Kd7 105. Rh6 Ke7 106. Rg6 Kd7 107. Rh6 Ke7 108. Bc6 Kd8 109. Kd5 Ke7 110. Rh8 Kf6 111. Kd6 Re7 112. Bd5 Re3 113. Rf8+ Kg5 114. Rf1 Rg3 115. Ke5 Re3+ 116. Be4 Rg3 117. Rf8 Kg4 118. Rf7 Kg5 119. Rf8 Kg4 120. Bf5+ Kg5 121. Rg8+ Kh4 122. Rh8+ Kg5 123. Be4 Kg4 124. Rf8 Kg5 125. Bf3 Kh4 126. Kf4 Rg4+ 127. Ke3 Rg7 128. Rf5 Rg5 129. Rf6 Kg3 130. Be4 Kg4 131. Rf1 Kg3 132. Bf5 1/2-1/2


[Site "https://www.chess.com"]

[Event "Titled Tuesday Blitz January 18 2022"]
[White "Timofeev, Artyom"]
[Black "Yuan, Qingyu"]
[WhiteFideId "4140419"]
[BlackFideId "8609772"]
[WhiteElo "2583"]
[BlackElo "2359"]
[Result "1/2-1/2"]
[Round "10"]
[TimeControl "180+1"]
[Date "2022.01.18"]
[WhiteClock "0:00:26"]
[BlackClock "0:00:30"]

1. d4 d5 2. c4 e6 3. Nc3 Nf6 4. Bg5 dxc4 5. e3 c5 6. Bxc4 cxd4 7. exd4 Nc6 8. Nf3 Be7 9. O-O O-O 10. Re1 a6 11. Bb3 b5 12. Bxf6 Bxf6 13. d5 exd5 14. Bxd5 Bb7 15. Ne4 Be7 16. Rc1 Rc8 17. a3 Rc7 18. Ba2 Rd7 19. Qe2 Nd4 20. Nxd4 Rxd4 21. Ng3 Bg5 22. Rcd1 g6 23. Rxd4 Qxd4 24. Rd1 Qb6 25. Ne4 Bxe4 26. Qxe4 Qf6 27. Qe2 Kg7 28. g3 Rd8 29. Rd5 Rxd5 30. Bxd5 Qd6 31. Ba2 Qe7 32. Qf3 Bf6 33. b4 Qd7 34. Kg2 h5 35. h4 Qc7 36. Bd5 Qd6 37. Bb7 Bb2 38. Qb3 Bd4 39. Qd3 Qf6 40. Bf3 Bb2 41. Qb3 Bd4 42. Qd3 Bb2 43. Bd5 Bd4 44. f3 Bb2 45. Bb7 Bd4 46. Qe4 Bb6 47. Qe2 Qd4 48. Bxa6 Qg1+ 49. Kh3 Qh1+ 50. Qh2 Qf1+ 51. Qg2 Qd3 52. Kh2 Qxa3 53. Bxb5 Qxb4 54. Bd3 Bc7 55. Kh1 Qe1+ 56. Bf1 Qxg3 57. Qxg3 Bxg3 58. Kg2 Bxh4 59. f4 Be7 60. Kf3 Kf6 61. Bd3 Bd6 62. Bc2 Bc7 63. Bd3 Bb6 64. Bc2 Ba7 65. Bd3 Bb8 66. Bc2 Bd6 67. Bd3 Ke7 68. Bc2 Bb8 69. Bd3 Ke6 70. Bc2 Ba7 71. Bd3 Kf6 72. Bc2 Kg7 73. Bd3 Kh6 74. Bc2 f6 75. Bd3 Bb6 76. Bc2 g5 77. fxg5+ fxg5 78. Bf5 Kg7 79. Bd7 Kf6 80. Kg3 Ke5 81. Be8 h4+ 82. Kg4 Be3 83. Bb5 Kd4 84. Bf1 Kc3 85. Kh3 Kb4 86. Be2 Ka5 87. Bg4 Kb6 88. Bf3 Kc5 89. Bg4 Kd4 90. Bf3 Bd2 91. Bg4 Kd3 92. Bc8 Kd4 93. Bg4 Ke5 94. Bc8 Kf4 95. Bg4 Ke3 96. Bc8 Kf2 97. Bg4 Ke1 98. Bc8 Bf4 99. Bg4 Kd2 100. Bc8 Kc3 101. Bg4 Kd4 102. Bc8 Ke5 103. Bg4 Kd6 104. Bc8 Kc7 105. Bg4 Kb8 106. Bf5 Kc7 107. Bg4 Kd8 108. Bf5 Ke7 109. Bg4 Kf6 110. Bc8 Kg6 111. Bg4 Kg7 112. Bd7 Kh8 113. Bc8 Kg8 114. Bg4 Kf7 115. Bc8 Ke7 116. Bg4 Kd8 117. Bf5 Kc7 118. Bg4 1/2-1/2


[Site "https://www.chess.com"]

[Event "Titled Tuesday Blitz January 18 2022"]
[White "Torres Cueto, Jesus Marcial"]
[Black "Shuvalov, Evgenij"]
[WhiteFideId "4415280"]
[BlackFideId "4187237"]
[WhiteElo "2055"]
[BlackElo "2119"]
[Result "0-1"]
[Round "10"]
[TimeControl "180+1"]
[Date "2022.01.18"]
[WhiteClock "0:00:01"]
[BlackClock "0:01:05"]

1. d4 Nf6 2. c4 g6 3. Nc3 d5 4. cxd5 Nxd5 5. e4 Nxc3 6. bxc3 Bg7 7. Be3 c5 8. Bc4 Qa5 9. Nf3 Qxc3+ 10. Nd2 cxd4 11. Rc1 Qa5 12. Bf4 Nc6 13. O-O O-O 14. Nb3 Qd8 15. h3 e5 16. Bg3 Be6 17. Kh1 Bxc4 18. Rxc4 Rc8 19. f4 Qe7 20. f5 Qg5 21. Qe1 Qe3 22. Qxe3 dxe3 23. Re1 Bh6 24. Bh2 Rfd8 25. Bg1 Rd3 26. Nc5 Nd4 27. Nxd3 Rxc4 28. Bxe3 Bxe3 29. Rxe3 f6 30. Nf2 Rc2 31. Nd1 Rxa2 32. Re2 Nxe2 0-1


[Site "https://www.chess.com"]

[Event "Titled Tuesday Blitz January 18 2022"]
[White "Tsyhanchuk, Stanislav"]
[Black "Kepeshchuk, Mykhaylo"]
[WhiteFideId "13505130"]
[BlackFideId "14113139"]
[WhiteElo "2078"]
[BlackElo "2279"]
[Result "0-1"]
[Round "10"]
[TimeControl "180+1"]
[Date "2022.01.18"]
[WhiteClock "0:00:01"]
[BlackClock "0:00:16"]

1. e4 c5 2. d4 cxd4 3. Nf3 d6 4. Nxd4 Nf6 5. Nc3 g6 6. Be3 Bg7 7. f3 O-O 8. Qd2 Nc6 9. O-O-O Nxd4 10. Bxd4 Be6 11. g4 Qa5 12. a3 Rfc8 13. h4 Nd7 14. Bxg7 Kxg7 15. h5 g5 16. h6+ Kf8 17. f4 Rxc3 18. Qxc3 Qxc3 19. bxc3 Bxg4 20. Rd5 gxf4 21. Rg5 Nf6 22. Rg1 Bh5 23. Rf5 Bg6 24. Rxf4 Bxe4 25. Rg7 Bg6 26. Bd3 Rc8 27. Bxg6 hxg6 28. Kd2 Rc5 29. Rh4 Nh5 30. Rh7 Kg8 31. Rxh5 Rxh5 32. Rg7+ Kf8 33. Rh7 e6 34. Rh8+ Ke7 35. h7 b5 36. Ke3 Kf6 37. Ra8 Rxh7 38. Rxa7 Rh2 39. c4 bxc4 40. c3 Ra2 41. a4 d5 42. a5 g5 43. Ra8 Ke5 44. a6 f5 45. a7 g4 46. Rg8 f4# 0-1


[Site "https://www.chess.com"]

[Event "Titled Tuesday Blitz January 18 2022"]
[White "Vignesh, N R"]
[Black "Devaev, Alexander"]
[WhiteFideId "25012215"]
[BlackFideId "4169395"]
[WhiteElo "2395"]
[BlackElo "2185"]
[Result "1-0"]
[Round "10"]
[TimeControl "180+1"]
[Date "2022.01.18"]
[WhiteClock "0:00:27"]
[BlackClock "0:00:04"]

1. d4 Nf6 2. c4 e6 3. Nc3 Bb4 4. e3 c5 5. Nf3 cxd4 6. exd4 d5 7. cxd5 Nxd5 8. Bd2 Nc6 9. Be2 O-O 10. O-O Be7 11. Re1 Bf6 12. Bc1 b6 13. Bc4 Nce7 14. Ne5 Bb7 15. Bb3 Ng6 16. Ne4 Bxe5 17. dxe5 Nxe5 18. Qh5 Ng6 19. Ng5 Nf6 20. Qh3 Bd5 21. Rd1 Qc7 22. Bxd5 exd5 23. Be3 h6 24. Nf3 Rad8 25. Rac1 Qd7 26. Qg3 Ne4 27. Qc7 Rfe8 28. h3 Re7 29. Qc2 Ree8 30. Qb3 Qe6 31. Nd4 Qf6 32. Nc6 Rd7 33. Rxd5 Rc7 34. Qa4 Qe6 35. Rdd1 Qc8 36. Nb4 1-0


[Site "https://www.chess.com"]

[Event "Titled Tuesday Blitz January 18 2022"]
[White "Villalba, Marcelo"]
[Black "Azadaliyev, Jahandar"]
[WhiteFideId "3701859"]
[BlackFideId "13425811"]
[WhiteElo "2169"]
[BlackElo "1795"]
[Result "1-0"]
[Round "10"]
[TimeControl "180+1"]
[Date "2022.01.18"]
[WhiteClock "0:00:54"]
[BlackClock "0:01:36"]

1. e4 c6 2. Nf3 d5 3. d3 Bg4 4. Nbd2 e6 5. Be2 Nd7 6. O-O Bd6 7. c3 Qc7 8. h3 Bh5 9. d4 dxe4 10. Nxe4 Bf4 11. Ne5 Bxe2 12. Qxe2 Bxc1 13. Raxc1 Ngf6 14. Nxf7 Kxf7 15. Ng5+ Kg6 16. f4 Nd5 17. Qe4+ Kh5 18. g4+ Kh4 19. Qe1# 1-0


[Site "https://www.chess.com"]

[Event "Titled Tuesday Blitz January 18 2022"]
[White "Vokhidov, Shamsiddin"]
[Black "Andreikin, Dmitry"]
[WhiteFideId "14204223"]
[BlackFideId "4158814"]
[WhiteElo "2611"]
[BlackElo "2736"]
[Result "0-1"]
[Round "10"]
[TimeControl "180+1"]
[Date "2022.01.18"]
[WhiteClock "0:00:07"]
[BlackClock "0:00:08"]

1. e4 c5 2. Nf3 e6 3. d4 cxd4 4. Nxd4 Nc6 5. Nc3 a6 6. Qd3 Nxd4 7. Qxd4 Ne7 8. Be3 b5 9. f3 Nc6 10. Qd2 Be7 11. O-O-O O-O 12. Kb1 Qa5 13. Ne2 Qxd2 14. Rxd2 d6 15. Nd4 Bb7 16. Nxc6 Bxc6 17. Bd3 b4 18. Bc4 Rfc8 19. b3 Bb5 20. Bxb5 axb5 21. Rd4 Ra5 22. Rxb4 d5 23. Rd4 Bf6 24. exd5 Bxd4 25. Bxd4 exd5 26. Re1 Ra6 27. Re5 Rd6 28. c3 Kf8 29. Kb2 f6 30. Re2 Kf7 31. Ka3 Ra6+ 32. Kb4 Rca8 33. Kxb5 Rxa2 34. Rxa2 Rxa2 35. b4 Rxg2 36. Kc6 Rxh2 37. b5 Ke6 38. b6 Rb2 39. b7 Rxb7 40. Kxb7 h5 41. Kc6 h4 42. Bf2 g5 43. Kc5 f5 44. Kd4 f4 45. Bg1 h3 46. Bh2 Kd6 47. Bg1 Ke6 48. Bh2 Kf6 49. Kxd5 g4 50. fxg4 f3 51. Bg3 f2 52. Bxf2 h2 53. Bd4+ Kg6 54. Kd6 h1=Q 55. Kc5 Qe4 56. c4 Qxg4 57. Bc3 Qe4 58. Kb4 Kf5 59. Kb5 Ke6 60. c5 Qd3+ 61. Kb4 Kd5 0-1


[Site "https://www.chess.com"]

[Event "Titled Tuesday Blitz January 18 2022"]
[White "Vovk, Orest"]
[Black "Osmak, Yuliia"]
[WhiteFideId "14113490"]
[BlackFideId "14101602"]
[WhiteElo "2203"]
[BlackElo "2302"]
[Result "1-0"]
[Round "10"]
[TimeControl "180+1"]
[Date "2022.01.18"]
[WhiteClock "0:00:38"]
[BlackClock "0:00:19"]

1. h4 d5 2. h5 e5 3. h6 Nxh6 4. d4 e4 5. Bxh6 gxh6 6. e3 Be6 7. Ne2 Nc6 8. Nf4 Qd7 9. a3 O-O-O 10. c4 Ne7 11. Nc3 dxc4 12. Nxe6 Qxe6 13. Qa4 Kb8 14. Bxc4 Qg6 15. g3 Nc6 16. Bd5 f5 17. Bxc6 Qxc6 18. Qxc6 bxc6 19. Rh5 c5 20. dxc5 Bxc5 21. Rxf5 Bb6 22. Rd1 Rxd1+ 23. Kxd1 Re8 24. Rf4 c6 25. Rxe4 Rf8 26. Rf4 Rd8+ 27. Ke2 Ba5 28. b4 Bc7 29. Rf6 Kb7 30. Rxh6 Rd7 31. Ne4 Re7 32. Ng5 Re5 33. f4 Re8 34. Rxh7 Kb6 35. Rh5 a5 36. bxa5+ Kxa5 37. Ne6+ Kb6 38. Nxc7 Kxc7 39. g4 Ra8 40. g5 Rxa3 41. g6 Kd6 42. g7 Ra8 43. Rh8 1-0


[Site "https://www.chess.com"]

[Event "Titled Tuesday Blitz January 18 2022"]
[White "Weetik, Vjacheslav"]
[Black "Kaufman, Raymond"]
[WhiteFideId "4153472"]
[BlackFideId "2015056"]
[WhiteElo "2469"]
[BlackElo "2321"]
[Result "1-0"]
[Round "10"]
[TimeControl "180+1"]
[Date "2022.01.18"]
[WhiteClock "0:00:52"]
[BlackClock "0:00:13"]

1. e4 c5 2. Nf3 e6 3. d4 cxd4 4. Nxd4 a6 5. c4 Nf6 6. Nc3 Bb4 7. Qd3 Qc7 8. a3 Be7 9. f4 d6 10. Be2 Nbd7 11. b4 O-O 12. O-O b6 13. Bb2 Bb7 14. g4 h6 15. h4 Rfd8 16. g5 hxg5 17. hxg5 Nh7 18. g6 Nhf8 19. gxf7+ Kxf7 20. f5 Ne5 21. Qh3 Bf6 22. fxe6+ Kg8 23. Nd5 Bxd5 24. cxd5 Nfg6 25. Rac1 Qa7 26. Kh1 Rac8 27. Nf5 Rxc1 28. Rxc1 Nf4 29. Qh2 Nxe2 30. Qxe2 b5 31. Rg1 Re8 32. Qh5 1-0


[Site "https://www.chess.com"]

[Event "Titled Tuesday Blitz January 18 2022"]
[White "Xiong, Jeffery"]
[Black "Deac, Bogdan-Daniel"]
[WhiteFideId "2047640"]
[BlackFideId "1226380"]
[WhiteElo "2727"]
[BlackElo "2646"]
[Result "1-0"]
[Round "10"]
[TimeControl "180+1"]
[Date "2022.01.18"]
[WhiteClock "0:00:27"]
[BlackClock "0:00:07"]

1. Nf3 d5 2. c4 e6 3. e3 Nf6 4. b3 b6 5. Bb2 Bb7 6. Nc3 Nbd7 7. cxd5 exd5 8. Ne2 Bd6 9. g3 Nc5 10. Ned4 O-O 11. Be2 Re8 12. O-O a5 13. Rc1 Bf8 14. Bb5 Ba6 15. Bxa6 Rxa6 16. Qe2 Ra8 17. Nc6 Qd6 18. Nfe5 Nfd7 19. d4 Nxe5 20. Nxe5 Ne6 21. Rc6 Qd8 22. Rfc1 f6 23. Nd3 Qd7 24. Qg4 h5 25. Qf5 Rad8 26. Qxh5 Nc5 27. R6xc5 bxc5 28. dxc5 a4 29. Nf4 axb3 30. axb3 Re4 31. Bd4 c6 32. Ra1 Qb7 33. Ng6 Ra8 34. Rxa8 Qxa8 35. Qh3 Qe8 36. Qh8+ Kf7 37. Nf4 Rxd4 38. Qh5+ Ke7 39. Qxe8+ Kxe8 40. exd4 g5 41. Ne2 f5 42. Kg2 Bg7 43. h4 g4 44. f3 Kd7 45. Kf2 Bh6 46. Nf4 Kc7 47. Ke2 Kb7 48. Ne6 Ka6 49. Nd8 Kb5 50. Nf7 gxf3+ 51. Kxf3 Bg7 52. Nd6+ Kb4 53. Nxf5 Bf6 54. g4 Kxb3 55. g5 Bh8 56. h5 Kc4 57. h6 Bxd4 58. Nxd4 Kxd4 59. h7 1-0


[Site "https://www.chess.com"]

[Event "Titled Tuesday Blitz January 18 2022"]
[White "Yang, Kaiqi"]
[Black "Donchenko, Alexander"]
[WhiteFideId "8604398"]
[BlackFideId "24603295"]
[WhiteElo "2373"]
[BlackElo "2539"]
[Result "0-1"]
[Round "10"]
[TimeControl "180+1"]
[Date "2022.01.18"]
[WhiteClock "0:01:21"]
[BlackClock "0:01:56"]

1. c4 Nf6 2. Nc3 e5 3. Nf3 Nc6 4. e4 Bc5 5. Nxe5 Nxe5 6. d4 Bd6 7. c5 Bxc5 8. dxe5 Ng8 9. Qg4 g6 10. Bc4 d5 11. Bb5+ c6 12. Qe2 d4 13. Na4 Bb4+ 14. Kf1 Qa5 15. a3 Bf8 16. b4 Qxb5 17. Qxb5 cxb5 18. Nc5 Bxc5 19. bxc5 Ne7 20. Bb2 Nc6 21. f4 Be6 22. Ke2 O-O-O 23. h3 h5 24. Kd2 Na5 0-1


[Site "https://www.chess.com"]

[Event "Titled Tuesday Blitz January 18 2022"]
[White "Yeletsky, Ivan"]
[Black "Belyakov, Bogdan"]
[WhiteFideId "24180327"]
[BlackFideId "24104795"]
[WhiteElo "2348"]
[BlackElo "2407"]
[Result "1-0"]
[Round "10"]
[TimeControl "180+1"]
[Date "2022.01.18"]
[WhiteClock "0:00:08"]
[BlackClock "0:00:10"]

1. c4 Nf6 2. Nc3 g6 3. g3 Bg7 4. Bg2 O-O 5. Nf3 d6 6. d4 Nc6 7. O-O a6 8. d5 Na5 9. b3 c5 10. a4 Nxd5 11. Nxd5 Bxa1 12. Bg5 Bf6 13. Bxf6 exf6 14. Qa1 Kg7 15. Nd2 Be6 16. e3 Rb8 17. Rd1 Bxd5 18. cxd5 b5 19. axb5 axb5 20. Qc3 c4 21. b4 Nb7 22. Ne4 Qe7 23. f4 Ra8 24. g4 h6 25. h4 Rfe8 26. g5 hxg5 27. hxg5 Kf8 28. Re1 Ra2 29. Nxf6 Rea8 30. Bh3 R8a3 31. Nh7+ Kg8 32. Nf6+ Kf8 33. Nd7+ Kg8 34. Qd4 Rd3 35. Nf6+ Kh8 36. Qb6 Kg7 37. Bf1 Rda3 38. Qd4 Kf8 39. e4 Nd8 40. e5 Qa7 41. Qxa7 Rxa7 42. exd6 Ra1 43. Re8+ Kg7 44. Rg8# 1-0


[Site "https://www.chess.com"]

[Event "Titled Tuesday Blitz January 18 2022"]
[White "Yoo, Christopher Woojin"]
[Black "Aditya Mittal"]
[WhiteFideId "30909694"]
[BlackFideId "35042025"]
[WhiteElo "2105"]
[BlackElo "2287"]
[Result "1-0"]
[Round "10"]
[TimeControl "180+1"]
[Date "2022.01.18"]
[WhiteClock "0:00:06"]
[BlackClock "0:00:03"]

1. e4 c5 2. Nf3 d6 3. d4 cxd4 4. Nxd4 Nf6 5. Nc3 a6 6. h4 e5 7. Nf5 d5 8. Qf3 d4 9. Nd5 Nxd5 10. exd5 Bxf5 11. Qxf5 Qxd5 12. Qc8+ Ke7 13. Bg5+ f6 14. Bd2 b5 15. a4 Nd7 16. Qc7 Ke6 17. axb5 Bd6 18. Qc4 axb5 19. Qxd5+ Kxd5 20. Rd1 Kc6 21. g3 Ra2 22. Rb1 Rha8 23. Bg2+ Kb6 24. Bxa8 Rxa8 25. O-O Nc5 26. Rfe1 Rc8 27. Kg2 Na4 28. Rec1 b4 29. c3 Kb5 30. cxd4 Rxc1 31. Rxc1 exd4 32. b3 Nc5 33. Rb1 Ne4 34. Be1 Nc3 35. Rb2 d3 36. Rd2 Be5 37. Rxd3 Ne4 38. f4 Bc3 39. Re3 Bxe1 40. Rxe4 Bc3 41. Re7 f5 42. Rf7 Kc5 43. Kf3 Kd4 44. Ke2 Ke4 45. Re7+ Kd5 46. Kd3 h6 47. Rf7 Ke6 48. Rc7 Be1 49. Rxg7 Kf6 50. Rh7 Kg6 51. Rb7 Bxg3 52. Rxb4 Bxh4 53. Rb8 Bf2 54. b4 Kh5 55. b5 Kg4 56. b6 Kxf4 57. b7 Ba7 58. Ra8 1-0


[Site "https://www.chess.com"]